 Dungeon Crawl Stone Soup version 0.30.0-18-gc0e69614cb (webtiles) character file.

Game seed: 1592479528983128351

7 KittyFluff the Trooper (level 2, -3/19 HPs)
             Began as a Gargoyle Berserker on May 24, 2023.
             Was a Follower of Trog.
             Slain by a gnoll
             ... wielding a +0 halberd
              (9 damage)
             ... on level 2 of the Dungeon.
             The game lasted 00:02:56 (748 turns).

KittyFluff the Trooper (Gargoyle Berserker)          Turns: 748, Time: 00:02:56

Health: -3/19      AC:  5    Str: 20    XL:     2   Next: 0%
Magic:  2/2        EV: 11    Int:  7    God:    Trog [*.....]
Gold:   87         SH:  0    Dex:  9    Spells: 1/1 levels left

rFire   + . .        a - +0 mace
rCold   . . .        (no shield)
rNeg    + . .        b - +0 animal skin
rPois   ∞            (no helmet)
rElec   +            (no cloak)
rCorr   .            (no gloves)
SInv    .            (no boots)
Will    .....        (no amulet)
Stlth   +            e - ring of protection from fire
HPRegen 0.23/turn    (no ring)
MPRegen 0.08/turn

%: no passive effects
@: no status effects
A: sickness immunity, AC +2, negative energy resistance 1, electricity
resistance, torment resistance 1, petrification resistance
a: Renounce Religion, Berserk


You were on level 2 of the Dungeon.
You worshipped Trog.
Trog was aware of your devotion.
You visited 1 branch of the dungeon, and saw 2 of its levels.

You collected 87 gold pieces.

Inventory:

Hand Weapons
 a - a +0 mace (weapon)
Missiles
 i - 4 poisoned darts (quivered)
Armour
 b - a +0 animal skin (worn)
Jewellery
 e - a ring of protection from fire (left hand)
Scrolls
 h - a scroll of noise {unknown}
 j - a scroll of enchant armour {unknown}
 k - a scroll of teleportation {unknown}
Potions
 c - 2 potions of might {unknown}
 d - a potion of haste {unknown}
 f - a potion of mutation {unknown}
 g - a potion of heal wounds {unknown}


   Skills:
 + Level 3.5 Fighting
 + Level 3.2 Maces & Flails
 * Level 2.3 Armour
 + Level 1.6 Dodging


You had one spell level left.
You didn't know any spells.
Your spell library was empty.

Dungeon Overview and Level Annotations

Branches:
Dungeon (2/15)

Altars:


Innate Abilities, Weirdness & Mutations

You are immune to sickness and miasma.
Your stone body is resilient. (AC +2)
You are immune to poison.
You resist negative energy. (rN+)
You are resistant to electric shocks. (rElec)
You are resistant to unholy torment.
You are immune to petrification.


Message History

a +1 antimagic short sword; 3 stones; a kobold corpse You barely miss the rat.
You punch the rat.
You kill the rat!
Trog accepts your kill.
Found a scroll labelled XUWNEM OCAD and a scroll labelled VEUSTOREMU.
You see here a rat corpse.
Things that are here:
a +1 antimagic short sword; 3 stones; a kobold corpse You see here a rat corpse.
You start resting.
HP restored.
Things that are here:
a +1 antimagic short sword; 3 stones; a kobold corpse You see here a rat corpse.
A rat comes into view.
j - a scroll labelled XUWNEM OCAD You see here a rat corpse.
The rat attacks as you move away! The rat bites you but does no damage.
You sock the rat!
You kill the rat!
Trog accepts your kill.
You have reached level 2!
k - a scroll labelled VEUSTOREMU A gnoll comes into view.
It is wielding a +0 spear.
The gnoll shouts!
A gnoll comes into view. It is wielding a +0 halberd.
The gnoll hits you but does no damage. The gnoll misses you. x2
You hit the gnoll.
The gnoll is moderately wounded.
The gnoll hits you from afar with a +0 halberd.
The gnoll hits you with a +0 spear.
You hit the gnoll.
The gnoll is heavily wounded.
The gnoll barely misses you. The gnoll hits you with a +0 spear.
You hit the gnoll.
The gnoll is heavily wounded.
The gnoll barely misses you. x2
The gnoll hits you from afar with a +0 halberd!
You die...

#..# #.# ..# #.# ..# #.#
..# #.# #.# #.# .# #.#
##.## .# #.# ##...##.##
#.# #......... #@#
##.........
#####g######....#.....
#...g.................
.....g....######..........
#####.##### ##....<....
#.# #..#...... # #.#
#...†..... #.###.######.#
##.#)#.#.# .......<..##.#
#.....#.#


You could see 2 gnolls.

Vanquished Creatures
  An endoplasm (D:1)
  A kobold (D:2)
  2 goblins (D:1)
  3 rats (D:2)
7 creatures vanquished.

Notes
Turn   | Place    | Note
-------+----------+-------------------------------------------
     0 | D:1      | KittyFluff the Gargoyle Berserker began the quest for the
                  | Orb.
     0 | D:1      | Reached XP level 1. HP: 14/14 MP: 1/1
   721 | D:2      | Reached XP level 2. HP: 19/19 MP: 2/2
   748 | D:2      | Slain by a gnoll

Illustrated notes

Levels and vault maps discovered:
D:1:      minmay_arrival_nine_rooms, layout_loops_ring
D:2:      layout_loops_ring, basic_altar, uniq_sigmund

Action                     || total
---------------------------++-------
  Melee: Mace              ||    23
         Punch             ||     1
 Armour: Animal skin       ||     5
  Dodge: Dodged            ||    15
